 Dungeon Crawl Stone Soup version 0.22.0 (webtiles) character file.

81640 Loudmushroom the Severer (level 15, -12/211 HPs)
             Began as a Minotaur Berserker on Aug 10, 2018.
             Was a High Priest of Trog.
             Mangled by a spriggan rider
             ... wielding a +0 spear
              (17 damage)
             ... on level 2 of the Swamp on Aug 11, 2018.
             The game lasted 04:39:27 (34198 turns).

Loudmushroom the Severer (Minotaur Berserker)      Turns: 34198, Time: 04:39:29

Health: -12/211    AC: 21    Str: 32    XL:     15   Next: 27%
Magic:  19/19      EV: 20    Int:  4    God:    Trog [*****.]
Gold:   681        SH:  0    Dex: 14    Spells: 14/14 levels left

rFire    . . .     SeeInvis .   a - +6 battleaxe (elec)
rCold    . . .     Gourm    .   (shield currently unavailable)
rNeg     . . .     Faith    +   h - +7 ring mail "Mump" {Slay+2}
rPois    +         Spirit   .   (helmet restricted)
rElec    .         Reflect  .   (no cloak)
rCorr    .         Harm     .   D - +2 pair of gloves {Str+3}
MR       +....                  (no boots)
Stlth    ..........             W - amulet of faith
HPRegen  0.45/turn              H - +3 ring of protection
MPRegen  0.16/turn              u - ring of poison resistance

@: berserking, studying Fighting, very quick
A: retaliatory headbutt, horns 2
a: Berserk, Trog's Hand, Brothers in Arms, Renounce Religion


You were on level 2 of the Swamp.
You worshipped Trog.
Trog was extremely pleased with you.
You were not hungry.

You visited 6 branches of the dungeon, and saw 23 of its levels.
You also visited: Sewer and Volcano.

You collected 2349 gold pieces.
You spent 1668 gold pieces at shops.

Inventory:

Hand Weapons
 a - a +6 battleaxe of electrocution (weapon)
 b - a +0 hand crossbow of flaming
 C - a +4 executioner's axe of chopping
 K - a +0 blowgun
 L - a +4 scimitar of flaming
Missiles
 d - 2 javelins (quivered)
 e - 214 bolts
 k - 3 needles of confusion
 n - 38 tomahawks
 J - 48 poisoned needles
 S - 6 steel javelins
Armour
 h - the +7 ring mail "Mump" (worn) {Slay+2}
   (You found it on level 11 of the Dungeon)

   It affects your accuracy and damage with ranged weapons and melee attacks
   (+2).
 p - a +0 buckler
 y - a +0 plate armour of poison resistance
 D - a +2 pair of gloves of strength (worn)
 E - a +1 leather armour of magic resistance
 N - a +0 scale mail of cold resistance
 T - a +3 chain mail of positive energy
 V - +0 acid dragon scales
Jewellery
 r - the ring "Sabakhle" {+Blink SInv}
   (You bought it in a shop on level 2 of the Orcish Mines)

   [ring of see invisible]

   It lets you see invisible.
   It lets you blink.
 t - the ring "Motakher" {rElec rF+}
   (You bought it in a shop on level 2 of the Orcish Mines)

   [ring of protection from fire]

   It protects you from fire.
   It insulates you from electricity.
 u - a ring of poison resistance (right hand)
 w - a +3 amulet of reflection
 x - a +4 ring of evasion
 F - an uncursed ring of ice
 H - a +3 ring of protection (left hand)
 W - an amulet of faith (around neck)
Wands
 v - a wand of disintegration (17)
 B - a wand of iceblast (9)
 G - a wand of acid (8)
 P - a wand of digging (31)
 Q - a wand of flame (34)
Scrolls
 f - 2 scrolls of fear
 i - 9 scrolls of teleportation
 q - a scroll of enchant armour
 O - 6 scrolls of remove curse
 X - 4 scrolls of magic mapping
 Y - 3 scrolls of immolation
Potions
 g - 2 potions of haste
 j - a potion of cancellation
 l - 4 potions of might
 m - 4 potions of lignification
 o - 7 potions of flight
 z - a potion of curing
 I - 3 potions of heal wounds
 M - 2 potions of invisibility
 U - 2 potions of agility
Books
 s - a manual of Fighting
Comestibles
 c - 30 rations


   Skills:
 + Level 15.2 Fighting
 * Level 18.9 Axes
 + Level 1.0 Crossbows
 + Level 14.0 Armour
 + Level 13.0 Dodging
 + Level 6.9 Evocations


You had 14 spell levels left.
You didn't know any spells.
Your spell library contained the following spells:

 Spells                   Type           Power        Failure   Level  Hunger
 Apportation              Tloc           #.....       58%         1    ##.....
 Confuse                  Hex            #.......     91%         3    ####...
 Invisibility             Hex            #.......     100%        6    #######
 Summon Small Mammal      Summ           #...         58%         1    ##.....
 Animate Dead             Necr           N/A          100%        4    #####..
 Pain                     Necr           #...         58%         1    ##.....
 Animate Skeleton         Necr           N/A          58%         1    ##.....
 Vampiric Draining        Necr           #.........   91%         3    ####...
 Regeneration             Chrm/Necr      #.........   91%         3    ####...
 Tukima's Dance           Hex            #.......     91%         3    ####...
 Confusing Touch          Hex            #.....       58%         1    ##.....
 Ensorcelled Hibernation  Hex/Ice        #.....       73%         2    ###....
 Summon Butterflies       Summ           #.......     58%         1    ##.....
 Corona                   Hex            #......      58%         1    ##.....
 Alistair's Intoxication  Tmut/Pois      #.......     100%        5    ######.
 Portal Projectile        Hex/Tloc       #.....       91%         3    ####...
 Fulminant Prism          Conj/Hex       #.........   100%        4    #####..
 Dazzling Spray           Conj/Hex       #.....       91%         3    ####...
 Lesser Beckoning         Tloc           #.........   91%         3    ####...
 Ignition                 Fire           #.........   100%        8    #######


Dungeon Overview and Level Annotations

Branches:
Dungeon (11/15)              Lair (6/6) D:9           Swamp (2/4) Lair:4
  Snake (1/4) Lair:2        Slime (1/5) Lair:5          Orc (2/2) D:11
    Elf (0/3) Orc:2
 Temple: D:4-7

Altars:
Cheibriados
Elyvilon
Hepliaklqana
Kikubaaqudgha
Nemelex Xobeh
Okawaru
Qazlal
Ru
Sif Muna
Trog
Uskayaw
Vehumet
Xom
Yredelemnul
Beogh

Shops:
D:8 (   D:10 }[[   Orc:1 }}}   Orc:2 =(}=

Portals:
Trove: D:10 (give +5 fire dragon scales)

Annotations:
Lair:3 2 transporters, EnegeticOcto's ghost, journeyman CeCK


Innate Abilities, Weirdness & Mutations

You reflexively headbutt those who attack you in melee.
You have a pair of horns on your head.


Message History

You slice the spriggan rider!! A root smacks you from below.
* * * LOW HITPOINT WARNING * * *
The spriggan rider hits you but does no damage.
An alligator comes into view.
The spriggan druid hits you but does no damage.
An alligator comes into view.
A red film seems to cover your vision as you go berserk!
You feel yourself moving faster!
You feel mighty!
You feel a lot more hungry. A tree reaches out and hits you!
* * * LOW HITPOINT WARNING * * *
The spriggan rider hits you with a spear!
* * * LOW HITPOINT WARNING * * *
The spriggan rider misses you.
The spriggan druid calls out to the beasts of the wild!
You closely miss the spriggan druid.
Your headbutt misses the spriggan druid.
The spriggan druid is moderately wounded.
You barely miss the spriggan rider.
The spriggan rider hits you with a spear!
You die...

♣≈≈.≈.♣≈≈≈≈≈♣♣..≈≈≈≈≈.≈
≈♣..>≈.♣≈...≈♣♣♣.≈≈..≈≈≈
.≈≈..≈.♣≈♣t≈.♣♣♣<.≈♣♣...
≈.§.♣..≈≈..♣♣)≈≈♣♣
≈≈§≈♣..≈≈...♣♣.♣♣
...≈..§≈≈§≈≈♣♣♣≈♣
....♣≈≈≈≈≈♣.♣ ≈≈♣
≈≈...≈tii≈≈.♣ ..♣
≈..i.♣♣♣i@†>♣ ..♣ ..≈..
♣♣♣§(.♣≈≈♣ ..... ./.≈♣
§♣ .... ♣..≈...
....:≈... ........≈..
......≈≈≈.. ......≈.≈≈.≈


You could see 2 alligators, 2 spriggan riders and a spriggan druid.

Vanquished Creatures
  The ghost of Zakueta the Fighter, a journeyman OgHu of Okawaru (Lair:1)
  Josephine (Orc:2)
  Snorg (Lair:3)
  11 hydras
  Harold (D:11)
  Erica (D:8)
  2 two-headed ogres
  6 death yaks
  4 alligators
  An orc high priest (Orc:2)
  A deep troll (Orc:2)
  A swamp dragon (Swamp:1)
  An unseen horror (D:11)
  5 orc knights
  A manticore (D:11)
  6 orc sorcerers (Orc:2)
  A centaur zombie (D:11)
  2 wolf spiders
  Joseph (Lair:1)
  15 spiny frogs
  11 black mambas
  A guardian serpent (Lair:6)
  3 rime drakes
  9 komodo dragons
  3 tyrant leeches (Swamp:1)
  5 trolls
  10 polar bears (Lair:6)
  8 hippogriffs
  8 hornets
  Grinder (D:3)
  A bog body (Swamp:1)
  4 slime creatures (Swamp:2)
  18 blink frogs
  A raiju (Lair:6)
  3 spriggans
  A shadow (Swamp:1)
  2 redbacks (Lair:6)
  3 wraiths (Orc:2)
  2 fire bats (Lair:6)
  17 wyverns
  Grum (D:11)
  27 yaks
  A basilisk (shapeshifter) (D:11)
  3 basilisks
  A steam dragon (Lair:6)
  11 vampire mosquitoes
  3 swamp worms (Swamp:1)
  3 nagas (Lair:2)
  2 acid dragons (Lair:6)
  A soldier ant (D:10)
  13 wargs
  14 hell hounds (Lair:6)
  9 porcupines
  14 water moccasins
  32 orc warriors
  11 black bears (Lair:6)
  2 ice beasts
  A sky beast (D:7)
  A necrophage (D:9)
  8 ogres
  25 wolves
  A big kobold (D:4)
  12 crocodiles
  7 bullfrogs
  A gnoll sergeant (D:6)
  3 killer bees
  3 scorpions
  A water moccasin skeleton (D:4)
  8 wights
  3 howler monkeys
  2 electric eels (Lair:5)
  5 crimson imps
  3 bullfrog zombies
  A quasit (D:7)
  5 hounds
  A bullfrog skeleton (D:10)
  11 jellies
  32 orc priests
  Jessica (D:3)
  7 iguanas
  Terence (D:3)
  42 orc wizards
  Natasha (thrice) (D:3)
  A hell rat (D:8)
  3 worker ants
  2 hound zombies
  4 hound skeletons
  Robin (D:3)
  A howler monkey zombie (D:5)
  8 adders
  15 gnolls
  9 river rats (D:8)
  A shadow imp (D:6)
  3 oozes
  2 adder skeletons
  5 worms
  3 dart slugs (D:1)
  5 leopard geckos
  111 orcs
  6 ball pythons
  11 bats
  7 giant cockroaches
  22 goblins
  12 hobgoblins
  11 jackals
  38 kobolds
  9 quokkas
  8 frilled lizards
  A jackal skeleton (D:5)
  A quokka skeleton (D:5)
  3 quokka zombies
  20 rats
  4 fungi
  8 plants
845 creatures vanquished.

Vanquished Creatures (collateral kills)
  Saint Roka (Orc:2)
1 creature vanquished.

Vanquished Creatures (others)
  2 kobolds (D:4)
  A quokka (D:7)
  A fire vortex (Lair:3)
  26 fungi
  66 plants
96 creatures vanquished.

Grand Total: 942 creatures vanquished

Notes
Turn   | Place    | Note
-------+----------+-------------------------------------------
     0 | D:1      | Loudmushroom the Minotaur Berserker began the quest for the Orb.
     0 | D:1      | Reached XP level 1. HP: 19/19 MP: 0/0
   115 | D:1      | Reached XP level 2. HP: 27/27 MP: 1/1
   137 | D:1      | Reached skill level 4 in Axes
   416 | D:1      | Reached XP level 3. HP: 23/33 MP: 2/2
   422 | D:1      | Reached ** piety under Trog
  1034 | D:2      | Found a stormy altar of Qazlal.
  1195 | D:2      | Reached XP level 4. HP: 37/40 MP: 3/3
  1230 | D:2      | Found a sacrificial altar of Ru.
  1472 | D:2      | Found a deep blue altar of Sif Muna.
  1917 | D:3      | Noticed Natasha
  1924 | D:3      | Killed Natasha
  1924 | D:3      | Reached skill level 5 in Axes
  1972 | D:3      | Noticed Natasha
  1979 | D:3      | Killed Natasha
  1979 | D:3      | Reached XP level 5. HP: 28/47 MP: 4/4
  1991 | D:3      | Noticed Natasha
  2003 | D:3      | Killed Natasha
  2003 | D:3      | Reached *** piety under Trog
  2211 | D:3      | Noticed Robin
  2428 | D:3      | Killed Robin
  2582 | D:3      | Noticed Terence
  2589 | D:3      | Killed Terence
  2590 | D:3      | Reached XP level 6. HP: 55/55 MP: 5/5
  2593 | D:3      | Reached skill level 5 in Fighting
  2593 | D:3      | Reached skill level 6 in Axes
  2681 | D:3      | Noticed Grinder
  2707 | D:3      | Paralysed by Grinder for 6 turns
  2724 | D:3      | Killed Grinder
  2886 | D:3      | Reached XP level 7. HP: 61/61 MP: 6/6
  3011 | D:3      | Noticed Jessica
  3016 | D:3      | Killed Jessica
  3118 | D:4      | Reached skill level 7 in Axes
  3256 | D:4      | Reached **** piety under Trog
  3520 | D:4      | Reached skill level 5 in Armour
  3718 | D:4      | Found a glowing drain.
  3727 | Sewer    | Entered a sewer
  5122 | D:4      | Found an iron altar of Okawaru.
  5224 | D:4      | Found a sacrificial altar of Ru.
  5229 | D:4      | Found a radiant altar of Vehumet.
  5232 | D:4      | Found an ancient bone altar of Kikubaaqudgha.
  5425 | D:5      | Entered Level 5 of the Dungeon
  5425 | D:5      | Found the +4 robe of Augmentation {Str+4 Int+4 Dex+4}
  5508 | D:5      | Found a snail-covered altar of Cheibriados.
  5621 | D:5      | Reached skill level 5 in Dodging
  5621 | D:5      | Reached XP level 8. HP: 60/70 MP: 7/7
  5643 | D:5      | Reached skill level 8 in Axes
  5800 | D:5      | Reached ***** piety under Trog
  5809 | D:5      | Found a shimmering altar of Xom.
  5918 | D:5      | Found a hazy altar of Hepliaklqana.
  6933 | D:6      | Reached skill level 9 in Axes
  7168 | D:6      | Noticed a troll
  7189 | D:6      | Killed a troll
  7191 | D:6      | Reached XP level 9. HP: 79/79 MP: 8/8
  7757 | D:6      | Reached skill level 10 in Axes
  8408 | D:7      | Found a white marble altar of Elyvilon.
  8951 | D:7      | Paralysed by a hornet for 1 turns
  9490 | D:8      | Found a hide-covered altar of Uskayaw.
  9566 | D:8      | Found Idghinoeg's Weapon Boutique.
  9592 | D:8      | Reached skill level 11 in Axes
  9683 | D:8      | Noticed a two-headed ogre
  9689 | D:8      | Killed a two-headed ogre
  9689 | D:8      | Reached XP level 10. HP: 90/90 MP: 9/9
  9757 | D:8      | Found a bloodstained altar of Trog.
  9805 | D:8      | Received a gift from Trog
 10123 | D:8      | Noticed Erica
 10140 | D:8      | Killed Erica
 10769 | D:8      | Found a basalt altar of Yredelemnul.
 10910 | D:9      | Reached skill level 12 in Axes
 11561 | D:9      | Found a staircase to the Lair.
 12007 | D:9      | Found a sparkling altar of Nemelex Xobeh.
 12295 | D:9      | Found a roughly hewn altar of Beogh.
 12620 | D:10     | Entered Level 10 of the Dungeon
 12747 | D:9      | Identified a scroll of acquirement
 12777 | D:10     | Found Abannile's Armour Shoppe.
 13011 | D:10     | Received a gift from Trog
 13295 | D:10     | Found Fuep's Gadget Shop.
 13367 | D:10     | Found a portal to a secret trove of treasure.
 13437 | D:10     | Found Zainifawk's Antique Armour Boutique.
 13453 | D:10     | Noticed a two-headed ogre
 13469 | D:10     | Killed a two-headed ogre
 13543 | D:10     | Found a sacrificial altar of Ru.
 13886 | D:10     | Bought a runed scale mail for 168 gold pieces
 13887 | D:10     | Bought a glowing chain mail for 180 gold pieces
 13994 | Lair:1   | Entered Level 1 of the Lair of Beasts
 13998 | Lair:1   | Reached XP level 11. HP: 99/99 MP: 10/10
 14114 | D:9      | Reached skill level 13 in Axes
 14123 | Lair:1   | Reached skill level 10 in Fighting
 14685 | Lair:1   | Noticed Joseph
 14728 | Lair:1   | Killed Joseph
 14888 | Lair:1   | Found a runed gate.
 14888 | Lair:1   | Found a runed gate.
 14888 | Lair:1   | Found a runed gate.
 14889 | Lair:1   | Noticed Zakueta's ghost (journeyman OgHu)
 14919 | Lair:1   | Killed Zakueta's ghost
 14919 | Lair:1   | Reached skill level 10 in Armour
 15114 | Lair:1   | Noticed a four-headed hydra
 15142 | Lair:1   | Killed a one-headed hydra
 16205 | Lair:2   | Reached skill level 14 in Axes
 16420 | Lair:2   | Noticed a six-headed hydra
 16441 | Lair:2   | Killed a one-headed hydra
 16993 | Lair:2   | Found a staircase to the Snake Pit.
 17001 | Snake:1  | Entered Level 1 of the Snake Pit
 17168 | Lair:2   | Reached XP level 12. HP: 110/110 MP: 11/11
 17312 | Lair:1   | Reached skill level 10 in Dodging
 17635 | Lair:3   | Noticed a seven-headed hydra
 17687 | Lair:3   | Killed a six-headed hydra
 18171 | Lair:3   | Reached skill level 15 in Axes
 18248 | Lair:3   | Noticed Snorg
 18265 | Lair:3   | Killed Snorg
 18481 | Lair:3   | Found a transporter.
 18481 | Lair:3   | Noticed EnegeticOcto's ghost (journeyman CeCK)
 18482 | Lair:3   | Found a transporter.
 19204 | Lair:4   | Noticed a four-headed hydra
 19225 | Lair:4   | Killed a one-headed hydra
 19522 | Lair:4   | Received a gift from Trog
 19522 | Lair:4   | Reached skill level 1 in Evocations
 19949 | Lair:4   | Found a staircase to the Swamp.
 20547 | Lair:5   | Found a staircase to the Slime Pits.
 20841 | Lair:5   | Noticed a death yak
 20841 | Lair:5   | Noticed a death yak
 20843 | Lair:5   | Noticed a death yak
 20870 | Lair:5   | Killed a death yak
 20875 | Lair:5   | Killed a death yak
 20876 | Lair:5   | Killed a death yak
 21052 | Lair:4   | Reached skill level 16 in Axes
 21069 | Lair:4   | Reached XP level 13. HP: 116/118 MP: 13/13
 22076 | Lair:6   | Entered Level 6 of the Lair of Beasts
 23376 | Lair:6   | Received a gift from Trog
 23506 | Lair:6   | Reached skill level 17 in Axes
 24055 | Lair:6   | Reached XP level 14. HP: 129/129 MP: 16/16
 24165 | Lair:6   | Reached skill level 5 in Evocations
 25536 | Lair:6   | Received a gift from Trog
 25975 | Swamp:1  | Entered Level 1 of the Swamp
 26143 | Slime:1  | Entered Level 1 of the Pits of Slime
 26143 | Slime:1  | Noticed an acid blob
 26611 | D:11     | Noticed Grum
 26857 | D:11     | Killed Grum
 27033 | D:11     | Found a staircase to the Orcish Mines.
 27354 | D:11     | Got a transparent ring mail
 27365 | D:11     | Identified the +7 ring mail "Mump" {Slay+2} (You found it on level 11 of the Dungeon)
 27496 | D:11     | Noticed Harold
 27510 | D:11     | Killed Harold
 27510 | D:11     | Reached skill level 18 in Axes
 27834 | Orc:1    | Entered Level 1 of the Orcish Mines
 28030 | Orc:1    | Found Kuown's Gadget Shop.
 28675 | Orc:2    | Entered Level 2 of the Orcish Mines
 28969 | Orc:2    | Found a dark tunnel.
 28986 | Volcano  | Entered a volcano
 30115 | Orc:1    | Found Ciomn's Gadget Boutique.
 30153 | Orc:1    | Found Asapnira's Gadget Boutique.
 30615 | Orc:2    | Received a gift from Trog
 30765 | Orc:2    | Noticed Josephine
 30785 | Orc:2    | Killed Josephine
 31311 | Orc:2    | Found a staircase to the Elven Halls.
 31365 | Orc:2    | Received a gift from Trog
 31428 | Orc:2    | Paralysed by an orc sorcerer for 5 turns
 31464 | Orc:2    | Noticed Saint Roka
 31873 | Orc:1    | Received a gift from Trog
 31971 | Orc:2    | Killed Saint Roka
 31971 | Orc:2    | Reached XP level 15. HP: 124/139 MP: 18/18
 32306 | Orc:2    | Found Qyzenus's Antique Weapon Emporium.
 32306 | Orc:2    | Found Wiluu's Jewellery Emporium.
 32314 | Orc:2    | Found Itaothra's Gadget Shoppe.
 32316 | Orc:2    | Found Uchenyce's Jewellery Shoppe.
 32323 | Orc:2    | Bought an uncursed ring of poison resistance for 300 gold pieces
 32329 | Orc:2    | Bought the ring "Sabakhle" {+Blink SInv} for 435 gold pieces
 32329 | Orc:2    | Bought the ring "Motakher" {rElec rF+} for 585 gold pieces
 33002 | Swamp:1  | Identified the Disquisition on Enchantment and Fire
 33452 | Swamp:1  | Reached skill level 15 in Fighting
 34187 | Swamp:2  | Reached skill level 1 in Crossbows
 34197 | Swamp:2  | HP: 4/211 [spriggan rider/spear (15)]
 34198 | Swamp:2  | Mangled by a spriggan rider

Skill      XL: |  1  2  3  4  5  6  7  8  9 10 11 12 13 14 15 |
---------------+----------------------------------------------+-----
Axes           | 4 5 6 7 9 11 12 14 16 17 18 | 18.9
Fighting       | 4 5 6 7 8 9 11 12 13 14 15 | 15.2
Armour         | 3 4 5 6 8 9 10 11 12 13 14 | 14.0
Dodging        | 3 4 5 6 7 8 9 11 12 13 | 13.0
Evocations     | 2 4 6 |  6.9
Crossbows      | 1 |  1.0

Action                   |  1- 3 |  4- 6 |  7- 9 | 10-12 | 13-15 || total
-------------------------+-------+-------+-------+-------+-------++-------
Melee: Hand axe          |    85 |   150 |   456 |   298 |       ||   989
       Headbutt          |    17 |    32 |   118 |   164 |   221 ||   552
       War axe           |       |       |    82 |   199 |       ||   281
       Scimitar          |       |       |       |    20 |    52 ||    72
       Battleaxe         |       |       |       |    89 |    82 ||   171
       Broad axe         |       |       |       |    73 |   741 ||   814
 Fire: Hunting sling     |       |       |     9 |       |       ||     9
       Hand crossbow     |       |       |       |     4 |    17 ||    21
Throw: Javelin           |       |       |     5 |    21 |       ||    26
       Stone             |       |       |       |     5 |       ||     5
Invok: Trog's Hand       |       |     3 |    10 |     7 |    10 ||    30
       Berserk           |       |     1 |     5 |    10 |     6 ||    22
       Brothers in Arms  |       |       |       |     1 |     1 ||     2
Evoke: Wand              |       |       |       |     2 |     2 ||     4
  Use: Scroll            |       |       |    19 |    11 |    12 ||    42
       Potion            |       |       |       |     1 |       ||     1
  Eat: Chunk             |     1 |     7 |    27 |    29 |    32 ||    96
       Ration            |       |       |     1 |     6 |     6 ||    13
Armor: Animal skin       |     1 |       |       |       |       ||     1
       Scale mail        |    13 |       |       |       |       ||    13
       Chain mail        |    33 |    82 |   231 |       |       ||   346
       Plate armour      |       |       |    38 |   258 |   244 ||   540
       Ring mail         |       |       |       |       |   117 ||   117
Dodge: Dodged            |    58 |    50 |   203 |   318 |   686 ||  1315
Block: Buckler           |       |    17 |   110 |   128 |   224 ||   479
       Reflection        |       |       |     5 |     5 |     1 ||    11
       Other             |       |       |       |    10 |       ||    10
       Rpst.: Scimitar   |       |       |       |     9 |    11 ||    20
